Map: King's Cove LE

Players

Smeeeger - Winner!

  • Race: Zerg Zerg
  • League: Platinum
  • Spawn Location: 11:00

CheeseTown

  • Race: Terran Terran
  • League: Diamond
  • Spawn Location: 5:00

VOD

Have the link to the VOD?

Description

Time

  • Played on: July 20, 2019, 7:07 p.m.
  • Length: 12:24
Show
View Real Time Build Order
Export as new Build Order

Smeeeger Zerg - Winner!

Build Orders: Hatch First, Roach Hydra 

Get SALT Encoding   

  12  0:01  Drone  
  13  0:14  Overlord  
  13  0:18  Drone  
  14  0:32  Drone x2  
  16  0:51  Hatchery  
  16  0:53  Drone  
  16  0:58  Drone  
  16  1:02  Drone  
  18  1:12  Extractor  
  18  1:17  Spawning Pool  
  16  1:22  Drone  
  16  1:24  Drone  
  18  1:30  Drone  
  19  1:41  Overlord  
  19  2:03  Queen x2  
  19  2:04  Zergling x2  
  19  2:05  Zergling x4  
  26  2:21  Metabolic Boost  
  26  2:24  Drone x3  
  26  2:26  Drone  
  30  2:38  Overlord  
  30  2:39  Queen  
  32  2:48  Drone x2  
  32  2:49  Drone  
  35  2:59  Drone x2  
  37  3:12  Overlord  
  37  3:14  Drone  
  37  3:17  Hatchery  
  37  3:21  Drone x2  
  37  3:22  Drone x2  
  41  3:32  Overlord  
  41  3:33  Drone  
  42  3:43  Drone x2  
  42  3:47  Lair  
  44  3:50  Drone x3  
  44  3:52  Overlord x2  
  44  3:55  Extractor x2  
  44  4:09  Queen  
  44  4:10  Drone x3  
  44  4:11  Drone x2  
  49  4:20  Roach Warren  
  49  4:22  Evolution Chamber  
  47  4:28  Drone  
  47  4:29  Overlord x2  
  47  4:30  Zergling x2  
  47  4:31  Zergling x4  
  51  4:38  Drone  
  52  4:52  Zergling x8  
  55  4:53  Zergling x6  
  57  5:02  Roach x5  
  57  5:03  Roach x2  
  68  5:14  Glial Reconstitution, Zerg Missile Weapons Level 1  
  68  5:16  Roach x3  
  70  5:42  Hatchery  
  66  5:55  Spore Crawler  
  65  5:58  Drone x2, Spine Crawler  
  65  6:01  Drone x2  
  65  6:02  Spine Crawler  
  67  6:08  Roach x5  
  75  6:18  Ravager x4  
  79  6:19  Ravager  
  79  6:20  Overseer  
  79  6:22  Queen  
  82  6:27  Overlord x3  
  82  6:36  Extractor  
  81  6:43  Drone x3  
  81  6:44  Drone x2  
  86  7:00  Drone x5, Hydralisk Den  
  90  7:01  Queen  
  90  7:03  Overlord x2  
  90  7:04  Queen  
  94  7:20  Roach x4  
  92  7:50  Roach x3  
  92  7:51  Roach x4  
  104  8:23  Muscular Augments  
  104  8:25  Drone x2  
  104  8:26  Drone x3  
  109  8:33  Overlord x2  
  109  8:34  Drone x3  
  109  8:36  Hatchery  
  75  9:20  Spore Crawler  
  75  9:22  Extractor  
  75  9:23  Hydralisk x13, Spine Crawler  
  75  9:24  Hydralisk, Extractor  
  99  9:34  Grooved Spines  
  99  9:35  Zerg Missile Weapons Level 2  
  99  9:37  Drone x3  
  99  9:38  Drone x3  
  104  9:41  Drone  
  104  9:42  Drone, Evolution Chamber x2  
  98  10:02  Drone x3  
  98  10:06  Roach x8  
  117  10:12  Spore Crawler  
  116  10:18  Zerg Ground Armor Level 1, Zerg Melee Weapons Level 1  
  116  10:20  Baneling Nest  
  87  10:43  Zergling x6  
  87  10:44  Zergling x32  
  106  10:54  Hatchery  
  105  10:57  Drone x4  
  105  10:58  Drone x3, Queen  
  114  11:09  Drone x2  
  114  11:10  Hydralisk, Drone  
  114  11:11  Hydralisk x2  
  123  11:19  Overlord x4  
  123  11:20  Overlord  
  123  11:39  Drone  
  124  11:40  Hydralisk x12, Drone x2  
Show
View Real Time Build Order
Export as new Build Order

CheeseTown Terran 

Build Orders: Mech 

Get SALT Encoding   

  12  0:03  SCV  
  13  0:14  Refinery  
  13  0:16  SCV  
  14  0:28  SCV  
  15  0:35  Supply Depot  
  15  0:57  SCV  
  15  1:00  Barracks  
  16  1:09  SCV  
  17  1:21  SCV  
  18  1:37  SCV  
  19  1:49  Barracks Reactor  
  19  1:51  Factory, SCV  
  20  2:10  Command Center  
  20  2:15  Supply Depot  
  20  2:23  Orbital Command  
  20  2:36  Armory  
  19  2:47  Hellion x2  
  19  2:49  Marine  
  24  3:00  SCV  
  25  3:09  Hellion x2  
  29  3:14  Supply Depot  
  29  3:26  Terran Vehicle And Ship Armor Level 1  
  29  3:31  Orbital Command  
  31  3:34  Widow Mine  
  31  3:35  Hellion  
  33  3:53  SCV  
  34  4:00  Widow Mine x2  
  38  4:05  SCV  
  39  4:19  Refinery  
  39  4:20  SCV  
  40  4:34  Command Center  
  40  4:35  Widow Mine x2  
  42  5:05  Marine, Widow Mine x2  
  42  5:14  Supply Depot  
  42  5:17  Factory  
  36  5:29  Widow Mine x2  
  38  5:39  SCV x2  
  37  5:51  SCV x2  
  37  5:56  Hellion  
  41  5:57  Hellion  
  41  6:02  Factory  
  41  6:03  SCV x2  
  38  6:09  SCV  
  38  6:15  SCV x2  
  40  6:19  Factory Tech Lab  
  40  6:20  Starport  
  40  6:21  SCV  
  41  6:38  Thor  
  47  6:43  Hellion x2  
  47  6:47  Factory Tech Lab  
  51  6:58  Refinery  
  51  6:59  Refinery  
  51  7:08  Supply Depot  
  51  7:09  Supply Depot  
  51  7:11  Supply Depot  
  51  7:14  Thor  
  51  7:15  Hellion x2  
  61  7:21  Hellion  
  60  7:36  Hellion x2  
  45  7:44  Siege Tank  
  44  7:57  Siege Tank  
  44  7:58  Hellbat x2  
  51  8:16  Hellbat  
  43  8:55  Widow Mine x2  
  43  8:56  Widow Mine x2  
  41  9:10  Starport Tech Lab  
  47  9:17  Widow Mine x4  
  53  9:38  Widow Mine x3  
  53  9:39  Widow Mine  
  53  9:44  Orbital Command  
  55  9:59  Hellion  
  59  10:00  Hellion x2  
  59  10:10  SCV x2  
  61  10:17  Drilling Claws  
  55  10:22  SCV x2  
  51  10:34  SCV  
  48  10:39  Thor  
  48  10:40  Thor  
  48  10:41  Hellbat  
  62  10:55  Refinery  
  62  10:59  Supply Depot  
  62  11:02  Supply Depot  
  62  11:16  Supply Depot  
  62  11:21  Hellbat, SCV x2  
  62  11:22  Supply Depot  
  66  11:33  SCV x2  
  66  11:35  Hellion x2  
  66  11:36  Hellion  
  74  11:58  Hellion  
  74  11:59  Hellion x3  
Tags
 
Add a new tag
Caveats
  • Supply blocks, unpowered buildings, or Contaminate may cause inaccurate times.
  • Supply counts are checked every 10 seconds.